 Dungeon Crawl Stone Soup version 0.28-a0-1382-g92835e5c71 (webtiles) character file.

Game seed: 6989804441868429043

6 Devinter the Firebug (level 1, -1/10 HPs)
             Began as a Deep Elf Fire Elementalist on Jan 1, 2022.
             Slain by a quokka (2 damage)
             ... on level 1 of the Dungeon.
             The game lasted 00:02:05 (152 turns).

Devinter the Firebug (Deep Elf Fire Elementalist)    Turns: 152, Time: 00:02:06

Health: -1/10      AC:  2    Str:  5    XL:     1   Next: 75%
Magic:  6/6        EV: 12    Int: 19    God:
Gold:   6          SH:  0    Dex: 15    Spells: 5/6 levels left

rFire   . . .      SeeInvis .   b - staff of earth
rCold   . . .      Faith    .   (no shield)
rNeg    . . .      Spirit   .   a - +0 robe
rPois   .          Reflect  .   (no helmet)
rElec   .          Harm     .   (no cloak)
rCorr   .          Rampage  .   (no gloves)
Will    .....                   (no boots)
Stlth   ++........              (no amulet)
HPRegen 0.03/turn               (no ring)
MPRegen 0.10/turn               (no ring)

@: no status effects
A: no striking features
a: no special abilities


You were on level 1 of the Dungeon.
You visited 1 branch of the dungeon, and saw 1 of its levels.

You collected 6 gold pieces.

Inventory:

Armour
 a - a +0 robe (worn)
Magical Staves
 b - a staff of earth (weapon)
Potions
 c - a potion of curing {unknown}


   Skills:
 + Level 2.6 Dodging
 + Level 2.6 Stealth
 - Level 3.0 Spellcasting
 + Level 1.3 Conjurations
 + Level 3.4 Fire Magic


You had 5 spell levels left.
You knew the following spells:

 Your Spells              Type           Power      Damage    Failure   Level
a - Foxfire               Conj/Fire      44%        2x1d6     6%          1

Your spell library contained the following spells:

 Spells                   Type           Power      Damage    Failure   Level
 Scorch                   Fire           30%        2d6       5%          2
 Conjure Flame            Conj/Fire      11%        6-21      17%         3
 Inner Flame              Hex/Fire       9%         N/A       22%         3
 Flame Wave               Conj/Fire      11%        2d5       50%         4


Dungeon Overview and Level Annotations

Branches:
Dungeon (1/15)

Altars:

Shops:
D:1 *


Message History

The foxfire hits the kobold.
You kill the kobold!
You now have 6 gold pieces.
You see here a +0 short sword.
Found a lumpy green potion.
You hit the bat.
The bat is severely wounded.
The bat hits you but does no damage. The bat hits you but does no damage.
You hit the bat.
You kill the bat!
c - a lumpy green potion A quokka comes into view.
A hobgoblin comes into view.
A hobgoblin comes into view.
Found 17 gold pieces and a scroll labelled EXUKHAAGUG.
Casting: Foxfire (safe; 6% risk of failure)
Confirm with . or Enter, or press ? or * to list all spells.
You conjure some foxfire!
The hobgoblin shouts!
The hobgoblin hits you.
The hobgoblin shouts!
You hit the hobgoblin.
The hobgoblin is moderately wounded.
The foxfire hits the hobgoblin.
The hobgoblin is almost dead.
The foxfire hits the hobgoblin.
You kill the hobgoblin!
The hobgoblin hits you.
* * * LOW HITPOINT WARNING * * *
The quokka bites you.
* * * LOW HITPOINT WARNING * * *
Casting: Foxfire (safe; 6% risk of failure)
Confirm with . or Enter, or press ? or * to list all spells.
Okay, then.
You barely miss the quokka. The quokka barely misses you.
The quokka twitches its whiskers.
The quokka closely misses you. The quokka bites you.
You die...

## ##. #.. ######## #..
#......# #####..
#......# ##......
#......# #..##...
#......#######.#.....
#...@..##...#..#.##..
#..r...#..#.#....###.
#......#.##.)....†...
###g............#######
######
##...###..#.##⌠.⌠#
......####..###
##.#.##.∩.#
...........##
#.#.##†.⌠# ........####
#.#.##..## ........#
#......##


You could see a quokka and a hobgoblin.

Vanquished Creatures
  A giant cockroach (D:1)
  2 hobgoblins (D:1)
  A kobold (D:1)
  A bat (D:1)
5 creatures vanquished.

Vanquished Creatures (others)
  7 foxfires (D:1)
7 creatures vanquished.

Grand Total: 12 creatures vanquished

Notes
Turn   | Place    | Note
-------+----------+-------------------------------------------
     0 | D:1      | Devinter the Deep Elf Fire Elementalist began the quest for
                  | the Orb.
     0 | D:1      | Reached XP level 1. HP: 10/10 MP: 6/6
    75 | D:1      | Found Yshranux's Assorted Antiques.
   144 | D:1      | HP: 1/10 [quokka (2)]
   152 | D:1      | Slain by a quokka

Illustrated notes

Levels and vault maps discovered:
D:1:      ldierk_walled_garden, layout_rooms, serial_shops, shop_fountains,
          skrybe_limestone_x

Action                   || total
-------------------------++-------
Melee: Staff             ||     4
 Cast: Foxfire           ||     4
Armor: Robe              ||     2
Dodge: Dodged            ||     2

Table legend: (Time is in decaauts)
 A = Elapsed time spent in this place.
 B = Non-inter-level travel time spent in this place.
 C = Inter-level travel time spent in this place.
 D = Time resting spent in this place.
 E = Time spent auto-exploring this place.
 F = Levels seen in this place.
 G = Mean time per level.
                   A        B        C        D        E       F      G
               +--------+--------+--------+--------+--------+-----+--------+
         Total |    152 |    152 |      0 |      0 |      0 |   1 |  152.0 |
       Dungeon |    152 |    152 |      0 |      0 |      0 |   1 |  152.0 |
               +--------+--------+--------+--------+--------+-----+--------+

Top non-repeatable levels by time:
     D:1: 152 daAuts
